AoeStats
← oslepov1

Arabia

506440477Analyzed
1v1 RM · 19d ago on Sep 13, 2026· 31m 1s· 2 players
Game mode
Random Map
Map size
Tiny (2 player)
Population
200
Speed
Normal
Resources
Standard
Victory
Conquest
Starting age
Dark Age
Ending age
Imperial Age
RankedLock teamsTeams togetherTeam positionsShared explorationLock speedFull tech treeHidden civsTurbo modeCheats
Victory
Defeat
🇹🇷 Sicilians · Türkiye
686
+16
🇬🇧 Lithuanians · United Kingdom
694
-37
izban104
5:05 Loom
10:39 Feudal Age
12:20 Wheelbarrow
11:33 Double-Bit Axe
12:05 Town Watch
13:41 Stone Mining
14:28 Gold Mining
16:36 Horse Collar
21:33 Forging
22:44 Scale Mail Armor
26:06 Fletching
26:29 Padded Archer Armor
oslepov1
6:58 Loom
9:24 Feudal Age
10:11 Double-Bit Axe
10:09 Horse Collar
13:00 Gold Mining
14:51 Bloodlines
25:18 Scale Barding Armor
25:27 Forging
Connection lost

Rejoining the realm…

Still unreachable

The connection could not be restored.

Session expired

The server has moved on; the page needs a fresh start.